 Dungeon Crawl Stone Soup version 0.27-a0-1572-gacd6f1ce93 (webtiles) character file.

Game seed: 4354652604493515525

138 HAL9000 the Covert (level 5, -5/26 HPs)
             Began as a Vine Stalker Brigand on July 16, 2021.
             Slain by a gnoll (13 damage)
             ... on level 2 of the Dungeon on July 17, 2021.
             The game lasted 00:06:13 (2214 turns).

HAL9000 the Covert (Vine Stalker Brigand)           Turns: 2214, Time: 00:06:13

Health: -5/26      AC:  5    Str: 15    XL:     5   Next: 21%
Magic:  0/6        EV: 11    Int: 11    God:
Gold:   112        SH:  0    Dex: 15    Spells: 4/4 levels left

rFire    . . .     SeeInvis .   h - +1 dagger (freeze)
rCold    + . .     Faith    .   (no shield)
rNeg     . . .     Spirit   +   p - +2 robe {rC+}
rPois    .         Reflect  .   (no helmet)
rElec    .         Harm     .   c - +0 cloak
rCorr    .         Rampage  .   (no gloves)
Will     .....                  (no boots)
Stlth    ++++......             (no amulet)
HPRegen  1.08/turn              (no ring)
MPRegen  0.10/turn              (no ring)

@: no status effects
A: fangs 2, regeneration 1, magic shield, antimagic bite, no potion heal 2
a: no special abilities


You were on level 2 of the Dungeon.
You visited 1 branch of the dungeon, and saw 3 of its levels.

You collected 112 gold pieces.

Inventory:

Hand Weapons
 a - a +2 dagger
 h - a +1 dagger of freezing (weapon)
Missiles
 d - 13 poisoned darts (quivered)
 e - 2 curare-tipped darts
Armour
 b - a +0 robe
 c - a +0 cloak (worn)
 p - a +2 robe of cold resistance (worn)
Wands
 n - a wand of digging (6)
Scrolls
 m - a scroll of identify {unknown}
Potions
 f - 2 potions of invisibility {unknown}
 g - a potion of brilliance {unknown}
 i - a potion of curing {unknown}
 j - a potion of flight {unknown}
 k - a potion of haste {unknown}
 l - 2 potions of heal wounds {unknown}
 o - a potion of cancellation {unknown}


   Skills:
 - Level 1.7 Fighting
 - Level 1.7 Short Blades
 - Level 1.7 Throwing
 - Level 0.7 Dodging
 + Level 8.1 Stealth


You had 4 spell levels left.
You didn't know any spells.
Your spell library was empty.

Dungeon Overview and Level Annotations

Branches:
Dungeon (3/15)

Altars:
Makhleb


Innate Abilities, Weirdness & Mutations

You have extremely sharp teeth.
Your natural rate of healing is unusually fast.
When hurt, damage is shared between your health and your magic reserves.
Your bite disrupts and absorbs the magic of your enemies.
Potions cannot restore your health.


Message History

Press ? for a list of commands and other information.
HP restored.
Magic restored.
Done exploring.
Done exploring.
Done exploring.
Done exploring.
Done exploring.
Done exploring.
Done exploring.
Done exploring.
Done exploring.
Done exploring.
Done exploring.
(D) Dungeon
Where to? (? - help)
Okay, then.
You climb downwards.
There is a stone staircase leading up here.
Unknown command.
You throw a poisoned dart. The poisoned dart hits the gnoll.
The gnoll shouts! x2
You throw a poisoned dart. The poisoned dart hits the gnoll.
The gnoll is poisoned.
The gnoll closely misses you. The gnoll hits you with a +0 halberd!
There is a stone staircase leading up here.
The gnoll closely misses you. The gnoll barely misses you.
You climb upwards.
There is a stone staircase leading down here.
Unknown command.
You hit the gnoll. You freeze the gnoll.
The gnoll is heavily wounded.
The gnoll hits you with a +0 halberd!
You closely miss the gnoll. Your bite misses the gnoll.
The gnoll is heavily wounded.
The gnoll barely misses you. The gnoll hits you with a +0 halberd!
* * * LOW HITPOINT WARNING * * *
The gnoll hits you with a +0 flail!
Ouch! That really hurt!
You die...

.......###....##.#.##.....##...#.
.......................##.##.....
.................................
.................................
.##.#######.#..#.#.###.##.##.#.#.
.##.# #####.#..#.#.............#.
.##.###......................#.#.
..............#..#.###..#....#.#.
.##.#.#......##.@#.###..#....#.#.
.##.#.######.##.>g...............
.##.#.# #.###g#.###..##.#.#.#.
.##.#.######.###.#.###..##.#.#.#.
...............................#.
.##.#.######.##................#.
........####.##..#####..##.#.....
.............##..##..............
.#..#.#.#######..##.##..##.##..#.


You could see 2 gnolls.

Vanquished Creatures
  An orc wizard (D:3)
  A scorpion zombie (D:3)
  3 gnolls (D:2)
  An adder (D:2)
  7 orcs
  3 bats
  3 endoplasms
  3 giant cockroaches
  5 goblins
  2 kobolds
  2 quokkas
  5 ball pythons
  3 frilled lizards (D:2)
  5 rats
44 creatures vanquished.

Notes
Turn   | Place    | Note
-------+----------+-------------------------------------------
     0 | D:1      | HAL9000 the Vine Stalker Brigand began the quest for the
                  | Orb.
     0 | D:1      | Reached XP level 1. HP: 11/11 MP: 2/2
    47 | D:1      | Reached skill level 5 in Stealth
   200 | D:1      | Reached XP level 2. HP: 15/15 MP: 3/3
   742 | D:2      | Reached skill level 6 in Stealth
   742 | D:2      | Reached XP level 3. HP: 18/18 MP: 4/4
   883 | D:2      | Found a burning altar of Makhleb.
  1591 | D:2      | Reached skill level 7 in Stealth
  1591 | D:2      | Gained mutation: Your natural rate of healing is unusually
                  | fast. [Vine Stalker growth]
  1591 | D:2      | Reached XP level 4. HP: 15/23 MP: 3/5
  2105 | D:3      | Reached skill level 8 in Stealth
  2105 | D:3      | Reached XP level 5. HP: 15/26 MP: 6/6
  2187 | D:2      | Upgraded the game from 0.27-a0-1559-g299f9947c5 to
                  | 0.27-a0-1572-gacd6f1ce93
  2214 | D:2      | Slain by a gnoll

Illustrated notes

Levels and vault maps discovered:
D:1:      elethiomel_arrival_quiet, layout_basic, amethyst_killhole
D:2:      layout_basic, basic_altar, minmay_misc_feat_cross
D:3:      wad_river_or_something, layout_loops_ring,
          grunt_temple_overflow_octagram, uniq_jessica

Skill      XL: |  1  2  3  4 |
---------------+-------------+-----
Stealth        | 5 6 7 8 |  8.1
Fighting       | |  1.7
Short Blades   | |  1.7
Throwing       | |  1.7
Dodging        | |  0.7

Action                   |  1- 3 |  4- 6 || total
-------------------------+-------+-------++-------
Melee: Dagger            |    57 |    90 ||   147
       Bite              |    11 |    26 ||    37
Throw: Dart              |     5 |    13 ||    18
 Stab: Sleeping          |    14 |     1 ||    15
Armor: Robe              |    14 |     9 ||    23
Dodge: Dodged            |    27 |    32 ||    59

Table legend: (Time is in decaauts)
 A = Elapsed time spent in this place.
 B = Non-inter-level travel time spent in this place.
 C = Inter-level travel time spent in this place.
 D = Time resting spent in this place.
 E = Time spent auto-exploring this place.
 F = Levels seen in this place.
 G = Mean time per level.
                   A        B        C        D        E       F      G
               +--------+--------+--------+--------+--------+-----+--------+
         Total |   2202 |   2097 |    105 |    187 |   1453 |   3 |  734.0 |
       Dungeon |   2202 |   2097 |    105 |    187 |   1453 |   3 |  734.0 |
               +--------+--------+--------+--------+--------+-----+--------+

Top non-repeatable levels by time:
     D:2: 1167 daAuts
     D:1: 689 daAuts
     D:3: 344 daAuts
